 Dungeon Crawl Stone Soup version 0.22-a0-44-geb883ae (webtiles) character file.

556 KristoblXynda the Sneak (level 7, -1/60 HPs)
             Began as a Naga Gladiator on Jan 6, 2018.
             Slain by a gnoll
             ... wielding a +0 club
              (3 damage)
             ... on level 4 of the Dungeon.
             The game lasted 00:06:26 (4340 turns).

KristoblXynda the Sneak (Naga Gladiator)            Turns: 4340, Time: 00:06:26

Health: -1/60      AC:  6    Str: 16    XL:     7   Next: 30%
Magic:  7/7        EV: 10    Int: 11    God:
Gold:   173        SH:  0    Dex: 12    Spells: 6/6 levels left

rFire    . . .     SeeInvis +   a - +0 long sword
rCold    . . .     Gourm    .   (no shield)
rNeg     . . .     Faith    .   i - +0 ring mail
rPois    +         Spirit   .   c - +0 helmet
rElec    .         Reflect  .   (no cloak)
rCorr    .         Harm     .   (no gloves)
MR       .....                  (no barding)
Stlth    +++.......             (no amulet)
HPRegen  0.20/turn              l - ring of flight
MPRegen  0.10/turn              o - ring of stealth

@: short of breath, very slow
A: large, see invisible, deformed body, poison resistance, slowness 2, slow
metabolism 1, spit poison 1, AC +2
a: Spit Poison, Evoke Flight


You were on level 4 of the Dungeon.
You were not hungry.

You visited 1 branch of the dungeon, and saw 4 of its levels.

You collected 173 gold pieces.

Inventory:

Hand Weapons
 a - a +0 long sword (weapon)
Armour
 c - a +0 helmet (worn)
 i - a +0 ring mail (worn)
Jewellery
 l - a ring of flight (left hand)
 o - a ring of stealth (right hand)
Wands
 r - a wand of iceblast (2)
Scrolls
 b - a scroll of blinking {unknown}
 h - a scroll of fog {unknown}
 j - 2 scrolls of teleportation
 k - a scroll of identify
 m - a scroll of immolation {unknown}
 n - 2 scrolls of enchant weapon
Comestibles
 f - 10 rations


   Skills:
 - Level 2.0 Fighting
 + Level 5.1 Long Blades
 - Level 2.0 Throwing
 + Level 1.7 Armour
 + Level 4.1 Dodging
 + Level 5.9 Stealth


You had 6 spell levels left.
You didn't know any spells.

Dungeon Overview and Level Annotations

Branches:
Dungeon (4/15)
 Temple: D:4-7

Altars:
Kikubaaqudgha
Xom


Innate Abilities, Weirdness & Mutations

You cannot wear boots.
Your serpentine skin is tough. (AC +2)
You have supernaturally acute eyesight. (SInv)
Armour fits poorly on your strangely shaped body.
Your system is resistant to poisons. (rPois)
You cover ground very slowly.
You have a slow metabolism.
You can spit poison.


Message History

The gnoll is severely wounded.
The gnoll hits you but does no damage. The gnoll hits you with a club.
* * * LOW HITPOINT WARNING * * *
The gnoll hits you but does no damage. The gnoll hits you with a halberd!
* * * LOW HITPOINT WARNING * * *
Press: ? - help, Shift-Dir - straight line, p - gnoll The splash of poison hits the gnoll.
The gnoll is moderately wounded.
You feel slightly more hungry. The gnoll barely misses you. x2
The gnoll hits you but does no damage. The gnoll barely misses you.
You aren't carrying any potions.
Unknown command.
You aren't carrying any potions.
Unknown command.
As you read the scroll labeled ECVOSO ZEFFICHI, it crumbles to dust.
It is a scroll of identify.
n - 2 scrolls of enchant weapon The gnoll closely misses you.
The gnoll barely misses you. The gnoll hits you with a club.
You die...

#.## #.#≈###≈..#.# #.#
##.#≈≈≈≈≈..#...
####.####..<.........##..####
#.................(#.........#
#.................... .....)..
#..................## ###.##..
####..###......g...# #....#
###..###..).gg....# ..###..
#[..........@g....# .##
#.#####.#..#####.... .. . #.#
#....# .... ... . #.# ###..#
... ...# . #.# #...# #.#
#.#.###########.
#.######...............
#.#.......##.##########
#<..####.###..#


You could see 4 gnolls.

Vanquished Creatures
  Edmund (D:4)
  A phantom (D:4)
  A hound (D:4)
  An orc wizard (D:4)
  Ijyb (D:4)
  6 worker ants (D:4)
  3 gnolls (D:3)
  3 adders (D:2)
  2 worms
  2 dart slugs
  5 leopard geckos
  7 orcs
  A ball python (D:4)
  2 giant cockroaches
  5 goblins
  5 hobgoblins
  6 jackals
  A quokka (D:2)
  5 bats
  4 frilled lizards
  5 kobolds
  7 rats
74 creatures vanquished.

Notes
Turn   | Place    | Note
-------+----------+-------------------------------------------
     0 | D:1      | KristoblXynda the Naga Gladiator began the quest for the Orb.
     0 | D:1      | Reached XP level 1. HP: 19/19 MP: 1/1
   124 | D:1      | Reached XP level 2. HP: 20/26 MP: 2/2
   484 | D:1      | Reached skill level 1 in Stealth
   881 | D:2      | Reached XP level 3. HP: 16/32 MP: 3/3
  1376 | D:2      | Reached XP level 4. HP: 26/39 MP: 4/4
  1714 | D:2      | Found a shimmering altar of Xom.
  2290 | D:3      | Reached XP level 5. HP: 33/45 MP: 5/5
  2671 | D:4      | Noticed Ijyb
  2684 | D:4      | Killed Ijyb
  3077 | D:4      | Reached XP level 6. HP: 46/52 MP: 6/6
  3290 | D:4      | Found an ancient bone altar of Kikubaaqudgha.
  3359 | D:4      | Reached skill level 5 in Stealth
  3380 | D:4      | Reached skill level 1 in Armour
  3533 | D:4      | Noticed a phantom
  3667 | D:4      | Noticed Edmund
  3700 | D:4      | Killed Edmund
  3700 | D:4      | Reached XP level 7. HP: 16/60 MP: 7/7
  3703 | D:4      | HP: 2/60 [gnoll/spear (5)]
  4058 | D:4      | Reached skill level 5 in Long Blades
  4338 | D:4      | HP: 2/60 [gnoll/halberd (9)]
  4340 | D:4      | Slain by a gnoll

Vault maps used:
D:1:      minmay_arrival_jagged
D:2:      lemuel_statue_altar
D:4:      kennysheep_mini_moat, first_ration, uniq_edmund, uniq_ijyb

Skill      XL: |  1  2  3  4  5  6  7 |
---------------+----------------------+-----
Throwing       | 2 |  2.0
Stealth        | 1 2 3 4 5 |  5.9
Dodging        | 3 4 |  4.1
Long Blades    | 4 5 |  5.1
Armour         | 1 |  1.7
Fighting       | |  2.0

Action                   |  1- 3 |  4- 6 |  7- 9 || total
-------------------------+-------+-------+-------++-------
Melee: Long sword        |    94 |   161 |    24 ||   279
Throw: Throwing net      |     1 |     2 |       ||     3
 Abil: Spit Poison       |     2 |    21 |     6 ||    29
  Use: Potion            |       |     5 |       ||     5
       Scroll            |       |       |     2 ||     2
 Stab: Sleeping          |     1 |     3 |       ||     4
  Eat: Chunk             |     1 |     7 |       ||     8
       Ration            |       |       |     1 ||     1
Armor: Leather armour    |    22 |       |       ||    22
       Ring mail         |    11 |    64 |    10 ||    85
       Skin              |       |    63 |       ||    63
Dodge: Dodged            |    62 |    98 |    15 ||   175
       Rpst.: Long sword |    17 |    31 |     3 ||    51

Table legend:
 A = Spawn XP
 B = Non-spawn XP
 C = Spawn XP percentage of total XP
 D = Spawn monster count
 E = Non-spawn monster count
 F = Spawn count percentage of total count
 G = Total turns spent on level
                    A         B        C        D         E        F      G
               +---------+---------+-------+---------+---------+-------+---------
         Total |       0 |     795 |   0.0 |       0 |      74 |   0.0 |  4340
               +---------+---------+-------+---------+---------+-------+---------
           D:1 |       0 |      30 |   0.0 |       0 |      18 |   0.0 |   861
           D:2 |       0 |      74 |   0.0 |       0 |      19 |   0.0 |   958
           D:3 |       0 |      69 |   0.0 |       0 |      15 |   0.0 |  1126
           D:4 |       0 |     622 |   0.0 |       0 |      22 |   0.0 |  1395
               +---------+---------+-------+---------+---------+-------+---------
